Map: Lost and Found LE

Players

Harstem - Winner!

  • Race: Protoss Protoss
  • Spawn Location: 7:00

AlaSReformed (AlaStOr)

  • Race: Zerg Zerg
  • Spawn Location: 1:00

Event: WCS Valencia 2018

VOD

Have the link to the VOD?

Description

Time

  • Played on: July 12, 2018, 10:14 a.m.
  • Length: 5:51

All games in this series

Show
View Real Time Build Order
Export as new Build Order

Harstem Protoss - Winner!

Build Orders: 1 Gate Expand, Oracle Opening 

Get SALT Encoding   

  12  0:01  Probe  
  13  0:13  Probe  
  14  0:17  Pylon  
  14  0:24  Probe  
  15  0:33  Probe  
  15  0:41  Probe  
  16  0:43  Gateway  
  16  0:48  Assimilator  
  17  0:51  Probe  
  18  1:03  Probe  
  19  1:15  Probe  
  20  1:24  Nexus  
  20  1:35  Cybernetics Core  
  20  1:39  Probe  
  21  1:44  Assimilator  
  21  1:51  Probe  
  21  1:53  Pylon  
  22  2:03  Adept, Probe  
  23  2:15  Probe  
  26  2:17  Stargate  
  26  2:26  Warp Gate  
  26  2:27  Probe  
  26  2:29  Adept  
  27  2:36  Probe  
  30  2:39  Probe  
  31  2:48  Probe  
  31  2:49  Gateway  
  31  2:50  Oracle  
  32  2:51  Probe  
  33  3:00  Probe  
  33  3:05  Probe  
  38  3:12  Probe  
  39  3:17  Probe  
  39  3:18  Oracle, Pylon  
  40  3:24  Probe  
  41  3:29  Probe  
  45  3:34  Shield Battery  
  45  3:36  Probe  
  45  3:39  Adept  
  50  3:44  Shield Battery  
  50  3:45  Probe  
  51  3:53  Oracle  
  51  3:55  Pylon  
  51  4:00  Pylon  
  49  4:07  Probe  
  53  4:11  Gateway  
  53  4:13  Probe  
  53  4:15  Gateway  
  54  4:19  Probe  
  55  4:25  Probe  
  55  4:26  Assimilator  
  55  4:27  Stargate  
  57  4:31  Assimilator, Probe  
  57  4:36  Phoenix  
  57  4:37  Probe  
  58  4:39  Gateway  
  58  4:43  Probe  
  61  4:49  Probe  
  62  4:55  Probe, Pylon  
  63  5:01  Probe  
  63  5:03  Shield Battery, Oracle  
  63  5:04  Shield Battery  
  64  5:08  Pylon  
  64  5:15  Zealot  
  68  5:30  Pylon  
  68  5:31  Pylon  
  68  5:38  Adept, Pylon  
  68  5:40  Shield Battery  
  70  5:48  Pylon  
Show
View Real Time Build Order
Export as new Build Order

AlaSReformed Zerg 

Build Orders: Hatch First 

Get SALT Encoding   

  12  0:00  Drone  
  13  0:13  Overlord  
  13  0:17  Drone  
  14  0:31  Drone x2  
  14  0:35  Drone  
  17  0:51  Hatchery  
  17  0:54  Drone  
  17  0:56  Extractor  
  16  1:10  Spawning Pool  
  15  1:12  Drone  
  15  1:18  Drone  
  17  1:20  Drone  
  18  1:29  Drone  
  19  1:39  Overlord  
  19  1:56  Metabolic Boost, Queen  
  21  2:03  Queen  
  21  2:04  Zergling x2  
  21  2:06  Zergling x2  
  21  2:08  Zergling x2  
  26  2:12  Zergling x2  
  26  2:14  Zergling x2  
  28  2:25  Zergling x4  
  30  2:35  Zergling x4  
  32  2:44  Zergling x2  
  32  2:47  Zergling x2  
  34  2:54  Overlord  
  34  2:58  Hatchery  
  34  2:59  Zergling x2  
  34  3:06  Zergling x2  
  34  3:09  Zergling x2  
  34  3:12  Overlord  
  36  3:14  Zergling x4  
  36  3:17  Zergling x2  
  36  3:19  Zergling x2  
  40  3:21  Zergling x2  
  40  3:24  Zergling x2  
  42  3:30  Zergling x2  
  42  3:33  Zergling x4  
  43  3:38  Zergling x2  
  43  3:39  Zergling x2  
  44  3:42  Zergling x2  
  44  3:46  Zergling x2  
  46  3:49  Zergling x2  
  46  3:54  Zergling x4  
  47  3:57  Zergling x2  
  47  4:02  Zergling x4  
  48  4:05  Zergling x2  
  48  4:09  Zergling x2  
  42  4:11  Zergling x2  
  36  4:17  Zergling x2  
  36  4:20  Zergling x2  
  36  4:21  Zergling x4  
  36  4:24  Zergling x2  
  40  4:26  Zergling x2  
  40  4:29  Zergling x2  
  42  4:32  Zergling x2  
  42  4:35  Zergling x2  
  44  4:44  Zergling x4  
  46  4:51  Zergling x6  
  49  4:55  Zergling x4  
  49  4:59  Zergling x2  
  49  5:02  Zergling x2  
  43  5:07  Zergling x2  
  43  5:08  Zergling x2  
  43  5:11  Zergling x2  
  39  5:15  Zergling x2  
  39  5:19  Zergling x2  
  37  5:22  Zergling x2  
  37  5:26  Zergling x2  
  39  5:30  Zergling x4  
  39  5:34  Zergling x2  
Tags
 
Add a new tag
Caveats
  • Supply blocks, unpowered buildings, or Contaminate may cause inaccurate times.
  • Supply counts are checked every 10 seconds.